 Dungeon Crawl Stone Soup version 0.26-a0-394-g0b5ff556b1 (webtiles) character file.

Game seed: 10440940770371209183

12541 MrRokkomies the Fighter (level 11, 0/90 HPs)
             Began as a Demigod Ice Elementalist on July 23, 2020.
             Killed from afar by a hell hog (16 damage)
             ... with a fireball
             ... on level 1 of the Abyss.
             The game lasted 00:44:17 (13876 turns).

MrRokkomies the Fighter (Demigod Ice Elementalist) Turns: 13876, Time: 00:44:17

Health: 0/90       AC: 18    Str: 14      XL:     11   Next: 37%
Magic:  0/17       EV: 17    Int: 25 (31) God:
Gold:   400        SH:  0    Dex: 16      Spells: 4/13 levels left

rFire    . . .     SeeInvis .   a - +6 trident (venom)
rCold    . . .     Faith    .   (no shield)
rNeg     . . .     Spirit   +   s - +3 steam dragon scales of Exclusion {rCorr Str+3}
rPois    .         Reflect  .   A - +1 hat
rElec    .         Harm     .   x - +0 cloak
rCorr    +                      W - +1 pair of gloves {archery}
MR       +....                  u - +1 pair of boots
Stlth    ++........             S - amulet of guardian spirit
HPRegen  0.25/turn              L - +6 ring of intelligence
MPRegen  0.15/turn              p - +4 ring of protection

@: about to teleport
A: frail 1, high mp 1
a: no special abilities


You were on level 1 of the Abyss.
You visited 1 branch of the dungeon, and saw 11 of its levels.
You visited the Abyss 1 time.
You also visited: Bailey.

You collected 710 gold pieces.
You spent 310 gold pieces at shops.

Inventory:

Hand Weapons
 a - a +6 trident of venom (weapon)
 b - a +0 triple crossbow
 q - a +3 scimitar
 y - the +3 falchion "Dragon's Tongue" {holy, MP+9}
   (You found it on level 5 of the Dungeon)

   It has been blessed by the Shining One to cause great damage to the undead
   and demons.
   It affects your magic capacity (+9).
 K - a +0 broad axe of venom
 O - a +2 dagger of electrocution
Missiles
 c - 18 boomerangs
 I - 3 javelins (quivered)
 Q - 95 bolts
Armour
 e - a +1 pair of gloves
 l - a +1 ring mail of fire resistance
 s - the +3 steam dragon scales of Exclusion (worn) {rCorr Str+3}
   (You found it on level 8 of the Dungeon)

   It affects your strength (+3).
   It provides partial protection from all sources of acid and corrosion.
 u - a +1 pair of boots (worn)
 x - a +0 cloak (worn)
 A - a +1 hat (worn)
 V - +2 ice dragon scales
 W - a +1 pair of gloves of archery (worn)
Jewellery
 j - an uncursed ring of stealth
 p - a +4 ring of protection (right hand)
 L - a +6 ring of intelligence (left hand)
 N - an uncursed ring of see invisible
 R - an uncursed ring of positive energy
 S - an amulet of guardian spirit (around neck)
Wands
 B - a wand of polymorph (19)
 C - a wand of random effects (13)
 J - a wand of paralysis (4)
 M - a wand of enslavement (20)
Scrolls
 d - 2 scrolls of identify
 n - 3 scrolls of fog
 o - 4 scrolls of teleportation
 r - 3 scrolls of amnesia
 v - 4 scrolls of remove curse
 w - 2 scrolls of magic mapping
 D - 4 scrolls of immolation
 E - a scroll of enchant weapon
 F - a scroll of vulnerability
 G - a scroll of fear
 H - a scroll of torment
Potions
 f - a potion of mutation
 g - 7 potions of heal wounds
 h - a potion of haste
 i - 3 potions of lignification
 k - 2 potions of brilliance
 m - a potion of cancellation
 t - 2 potions of curing
 z - a potion of magic
 P - a potion of stabbing
Miscellaneous
 T - a phantom mirror
 U - a box of beasts


   Skills:
 * Level 10.3 Fighting
 * Level 3.6 Crossbows
 - Level 5.3 Throwing
 + Level 7.5 Dodging
 - Level 1.7 Stealth
 - Level 1.7 Spellcasting
 - Level 5.0 Translocations
 - Level 9.0 Ice Magic


You had 4 spell levels left.
You knew the following spells:

 Your Spells              Type           Power        Failure   Level
a - Freeze                Ice            ####         1%          1
b - Frozen Ramparts       Ice            #####.       1%          3
c - Ozocubu's Armour      Ice            #####...     1%          3
d - Blink                 Tloc           N/A          2%          2

Your spell library contained the following spells:

 Spells                   Type           Power        Failure   Level
 Magic Dart               Conj           #...         12%         1
 Call Imp                 Summ           #.......     17%         2
 Slow                     Hex            #.......     17%         2
 Hailstorm                Conj/Ice       ###.....     19%         4
 Summon Ice Beast         Ice/Summ       ###.....     19%         4
 Conjure Flame            Conj/Fire      #.......     34%         3
 Mephitic Cloud           Conj/Pois/Air  #.......     34%         3
 Cause Fear               Hex            #.........   75%         4
 Silence                  Hex/Air        #.........   97%         5
 Yara's Violent Unravell  Hex/Tmut       #.........   97%         5
 Discord                  Hex            #.........   100%        8


Dungeon Overview and Level Annotations

Branches:
Dungeon (11/15)            Temple (0/1) D:4            Lair (0/6) D:9
 Bailey (visited)
    Orc: D:9-12

Shops:
D:8 *

Annotations:
D:4 exclusion: 3 doors, Dowan, Duvessa


Innate Abilities, Weirdness & Mutations

You have an increased reservoir of magic. (+10% MP)
You are frail. (-10% HP)


Message History

You destroy the small abomination! 3 hell hogs come into view.
Unknown command.
The hell hog squeals angrily.
You hear an angry squeal. x2
A hell hog comes into view.
The hell hog squeals angrily.
As you read the scroll of teleportation, it crumbles to dust.
You feel strangely unstable.
You feel the power of the Abyss delaying your translocation!
The hell hog bites you but does no damage.
Unknown command.
The hell hog breathes fire at you.
The fireball explodes!
The fireball engulfs the hell hog.
The hell hog resists.
The fireball engulfs you!!!
* * * LOW HITPOINT WARNING * * *
The hell hog bites you.
* * * LOW HITPOINT WARNING * * *
The hell hog breathes fire at you.
The fireball explodes!
The fireball engulfs you!!
You die...

# ##. ..#### # .
. . # . #.# # .
##/..## # . .. ##
###.#.#.#.# ##.#
.......##.##.
.#.# # .
...#.#...####...#
..#
........#..h...##
#
.........h#hh..#
.#.
#.#.#...@..#.# #
# #.. .##.####.##
# . .##. # #.# .
. #.. ##. #. ##
.. ## #..


You could see 4 hell hogs.

Vanquished Creatures
  A two-headed ogre (D:9)
  Nergalle (D:10)
  2 orc knights (Bailey)
  2 cyclopes (D:11)
  A smoke demon (Abyss:1)
  A komodo dragon (D:9)
  A troll (D:9)
  Prince Ribbit (D:7)
  3 hippogriffs
  2 wyverns
  A wraith (D:11)
  A vampire (D:10)
  2 basilisks (D:9)
  4 yaks (D:9)
  A small abomination (Abyss:1)
  A steam dragon (D:10)
  A neqoxec (Abyss:1)
  A swamp drake (D:9)
  2 soldier ants (D:11)
  A sky beast (D:7)
  An ice beast (D:6)
  7 orc warriors
  2 black bears
  A necrophage (D:9)
  3 ogres
  3 phantoms (D:8)
  8 centaurs
  2 crocodiles (D:9)
  A big kobold (D:10)
  8 bullfrogs
  A gnoll sergeant (D:7)
  2 scorpions
  9 killer bees (D:7)
  15 wights
  8 howler monkeys
  3 jellies
  A quasit (D:11)
  7 hounds
  A bullfrog skeleton (D:7)
  8 orc priests
  6 iguanas
  An iron imp (D:5)
  8 orc wizards
  5 worker ants
  A hound skeleton (D:4)
  3 worker ant zombies
  11 gnolls
  10 adders
  5 shadow imps
  4 white imps
  An ufetubus (D:10)
  An adder zombie (D:8)
  An adder skeleton (D:7)
  A worm (D:3)
  2 dart slugs (D:1)
  3 leopard geckos
  47 orcs
  3 giant cockroaches
  9 goblins
  3 hobgoblins
  25 jackals
  17 kobolds
  A quokka (D:7)
  11 bats
  3 frilled lizards
  A goblin zombie (D:5)
  A hobgoblin zombie (D:5)
  A jackal zombie (D:5)
  2 kobold skeletons (D:5)
  An orc zombie (D:5)
  6 rats
315 creatures vanquished.

Vanquished Creatures (collateral kills)
  A jelly (D:9)
1 creature vanquished.

Grand Total: 316 creatures vanquished

Notes
Turn   | Place    | Note
-------+----------+-------------------------------------------
     0 | D:1      | MrRokkomies the Demigod Ice Elementalist began the quest
                  | for the Orb.
     0 | D:1      | Reached XP level 1. HP: 14/14 MP: 5/5
   360 | D:1      | Reached XP level 2. HP: 21/22 MP: 7/7
   491 | D:1      | Reached skill level 1 in Fighting
  1497 | D:2      | Reached XP level 3. HP: 27/28 MP: 5/8
  1524 | D:2      | Learned a level 3 spell: Frozen Ramparts
  2136 | D:3      | Found a white marble altar of Elyvilon.
  2154 | D:3      | Reached XP level 4. HP: 35/36 MP: 4/9
  2156 | D:3      | Reached skill level 1 in Throwing
  2214 | D:3      | Reached skill level 2 in Fighting
  2551 | D:3      | Found an ornate altar of the Wu Jian Council.
  2652 | D:3      | Reached XP level 5. HP: 41/42 MP: 6/10
  3485 | D:4      | Learned a level 3 spell: Ozocubu's Armour
  3496 | D:4      | Reached skill level 3 in Fighting
  3638 | D:4      | Reached skill level 5 in Ice Magic
  3667 | D:4      | Reached XP level 6. HP: 21/51 MP: 3/11
  3978 | D:4      | Noticed Duvessa
  3978 | D:4      | Noticed Dowan
  4283 | D:4      | Found a staircase to the Ecumenical Temple.
  4344 | D:5      | Entered Level 5 of the Dungeon
  4511 | D:5      | Got a slimy falchion
  4512 | D:5      | Identified the cursed +3 falchion "Dragon's Tongue" {holy,
                  | MP+9} (You found it on level 5 of the Dungeon)
  4566 | D:5      | Found a glowing golden altar of the Shining One.
  4704 | D:5      | Reached skill level 4 in Fighting
  4704 | D:5      | Reached XP level 7. HP: 59/59 MP: 12/12
  5108 | D:5      | Learned a level 2 spell: Blink
  5402 | D:6      | Reached skill level 5 in Fighting
  5423 | D:6      | Reached XP level 8. HP: 60/68 MP: 13/13
  5896 | D:6      | Found a basalt altar of Yredelemnul.
  5939 | D:7      | Noticed Prince Ribbit
  5949 | D:7      | Killed Prince Ribbit
  6041 | D:7      | Reached skill level 6 in Fighting
  6770 | D:7      | Reached XP level 9. HP: 74/78 MP: 14/14
  7055 | D:7      | Reached skill level 5 in Dodging
  7102 | D:7      | Found a shadowy altar of Dithmenos.
  7411 | D:7      | Reached skill level 7 in Fighting
  7768 | D:7      | Found a shattered altar of Ashenzari.
  8048 | D:7      | Reached skill level 5 in Throwing
  8227 | D:7      | Found a shimmering altar of Xom.
  8229 | D:7      | Found a shimmering altar of Xom.
  8229 | D:7      | Found a radiant altar of Vehumet.
  8231 | D:7      | Found a blossoming altar of Fedhas.
  8231 | D:7      | Found a blossoming altar of Fedhas.
  8231 | D:7      | Found a burning altar of Makhleb.
  8423 | D:8      | Found a blossoming altar of Fedhas.
  8604 | D:8      | Found Furos's Assorted Antiques.
  8621 | D:8      | Bought a pair of embroidered boots for 150 gold pieces
  8621 | D:8      | Bought an ancient falchion for 160 gold pieces
  8621 | D:8      | Identified the cursed +0 falchion of Wuleix {drain, rPois
                  | Str+4 Dex+4} (You bought it in a shop on level 8 of the
                  | Dungeon)
  9104 | D:8      | Got ichor-stained steam dragon scales
  9115 | D:8      | Identified the +3 steam dragon scales of Exclusion {rCorr
                  | Str+3} (You found it on level 8 of the Dungeon)
  9251 | D:8      | Found an opulent altar of Gozag.
  9256 | D:8      | Found a sacrificial altar of Ru.
  9263 | D:8      | Found a bloodstained altar of Trog.
  9263 | D:8      | Found a snail-covered altar of Cheibriados.
  9265 | D:8      | Found a hide-covered altar of Uskayaw.
  9648 | D:9      | Reached XP level 10. HP: 88/88 MP: 11/15
  9662 | D:9      | Reached skill level 8 in Fighting
  9697 | D:9      | Reached skill level 1 in Translocations
 10511 | D:9      | Found a burning altar of Makhleb.
 11153 | D:9      | Noticed a two-headed ogre
 11207 | D:9      | Killed a two-headed ogre
 11207 | D:9      | Reached skill level 9 in Fighting
 11248 | D:9      | Found a staircase to the Lair.
 11586 | D:10     | Entered Level 10 of the Dungeon
 12224 | D:10     | Noticed Nergalle
 12231 | D:10     | Killed Nergalle
 12231 | D:10     | Reached skill level 5 in Translocations
 12231 | D:10     | Reached XP level 11. HP: 94/97 MP: 10/17
 12572 | D:11     | Reached skill level 1 in Crossbows
 12656 | D:11     | Found a flagged portal.
 12668 | Bailey   | Entered a bailey
 12907 | Bailey   | Reached skill level 10 in Fighting
 13120 | Bailey   | Noticed an orc knight
 13164 | Bailey   | Killed an orc knight
 13433 | Bailey   | Noticed an orc knight
 13443 | Bailey   | Killed an orc knight
 13687 | D:11     | Cast into level 1 of the Abyss (orc)
 13813 | Abyss:1  | Gained mutation: You are frail. (-10% HP) [a neqoxec]
 13873 | Abyss:1  | Noticed a hell hog
 13873 | Abyss:1  | Noticed a hell hog
 13873 | Abyss:1  | Noticed a hell hog
 13874 | Abyss:1  | Noticed a hell hog
 13876 | Abyss:1  | Killed from afar by a hell hog

Illustrated notes

Levels and vault maps discovered:
D:1:      psy_arrival_basics, layout_basic
D:2:      layout_basic
D:3:      layout_basic, chequers_temple_overflow_statue_of_worship
D:4:      layout_rooms, minmay_temple_entry_hall, kennysheep_dice, uniq_duvessa
D:5:      layout_rooms, st_stairs_12, nicolae_tso_besieged_by_evil
D:6:      layout_basic, yredelemnul_altar_generic
D:7:      layout_layer_cave, nicolae_dithmenos_shadow_blocks,
          lemuel_coloured_pillars_altar, doesnt_xom_only_xom,
          uniq_prince_ribbit1
D:8:      layout_loops_ring, minitemple, basic_altar, serial_shops, shop
D:9:      layout_loops_ring, lemuel_doored_altar, erik_lair_dragon
D:10:     layout_roguey, uniq_nergalle
D:11:     layout_cave_pods, enter_bailey_7
Abyss:1:  base: D:11, gammafunk_abyss_exit_x_factor,
          gammafunk_abyss_exit_x_factor

Skill      XL: |  1  2  3  4  5  6  7  8  9 10 11 |
---------------+----------------------------------+-----
Dodging        | 2 3 4 5 6 7 |  7.5
Fighting       | 1 2 3 4 5 6 7 9 10 | 10.3
Ice Magic      | 4 5 6 7 8 9 |  9.0
Throwing       | 1 2 3 4 5 |  5.3
Translocations | 5 |  5.0
Crossbows      | 3 |  3.6
Stealth        | |  1.7
Spellcasting   | |  1.7

Action                   |  1- 3 |  4- 6 |  7- 9 | 10-12 || total
-------------------------+-------+-------+-------+-------++-------
Melee: Short sword       |   142 |   122 |       |       ||   264
       Dagger            |       |    41 |   249 |       ||   290
       Falchion          |       |    26 |    87 |       ||   113
       Trident           |       |       |    94 |   345 ||   439
 Fire: Triple crossbow   |       |       |       |     2 ||     2
Throw: Boomerang         |       |     3 |     9 |     1 ||    13
       Javelin           |       |       |       |     6 ||     6
 Cast: Freeze            |     7 |     5 |     1 |     2 ||    15
       Frozen Ramparts   |     1 |     8 |    10 |    10 ||    29
       Ozocubu's Armour  |       |     2 |     3 |     4 ||     9
Evoke: Wand              |       |       |       |     2 ||     2
  Use: Scroll            |     7 |       |    15 |     6 ||    28
       Potion            |       |       |     1 |       ||     1
 Stab: Sleeping          |     7 |     6 |     2 |     9 ||    24
       Distracted        |       |       |     1 |     1 ||     2
       Paralysed         |       |       |       |     7 ||     7
Armor: Robe              |    42 |       |       |       ||    42
       Ring mail         |    14 |    98 |   271 |       ||   383
       Skin              |       |       |    14 |       ||    14
       Steam dragon scal |       |       |    10 |   151 ||   161
Dodge: Dodged            |   110 |   107 |   390 |   334 ||   941
       Rpst.: Falchion   |       |     3 |    19 |       ||    22

Table legend: (Time is in decaauts)
 A = Elapsed time spent in this place.
 B = Non-inter-level travel time spent in this place.
 C = Inter-level travel time spent in this place.
 D = Time resting spent in this place.
 E = Time spent auto-exploring this place.
 F = Levels seen in this place.
 G = Mean time per level.
                   A        B        C        D        E       F      G
               +--------+--------+--------+--------+--------+-----+--------+
         Total |  14098 |  13085 |   1013 |   2311 |   7912 |  13 | 1084.5 |
       Dungeon |  12972 |  11959 |   1013 |   1880 |   7510 |  11 | 1179.3 |
         Abyss |    194 |    194 |      0 |      0 |    105 |   1 |  194.0 |
        Bailey |    931 |    931 |      0 |    431 |    297 |   1 |  931.0 |
               +--------+--------+--------+--------+--------+-----+--------+

Top non-repeatable levels by time:
     D:7: 1731 daAuts
     D:6: 1712 daAuts
     D:9: 1554 daAuts
     D:1: 1453 daAuts
     D:3: 1397 daAuts
     D:8: 1393 daAuts
     D:4: 981 daAuts
    D:10: 949 daAuts
  Bailey: 931 daAuts
     D:5: 789 daAuts
     D:2: 696 daAuts
    D:11: 311 daAuts
 Abyss:1: 194 daAuts
